 Dungeon Crawl Stone Soup version 0.30-a0-373-gd37427bb62 (webtiles) character file.

Game seed: 14047661406706968533

58 raistware the Conjurer (level 4, 0/27 HPs)
             Began as an Octopode Conjurer on Nov 23, 2022.
             Slain by a gnoll
             ... wielding a +0 club
              (5 damage)
             ... on level 2 of the Dungeon.
             The game lasted 00:03:38 (1782 turns).

raistware the Conjurer (Octopode Conjurer)          Turns: 1782, Time: 00:03:38

Health: 0/27       AC:  1    Str:  6    XL:     4   Next: 2%
Magic:  2/9        EV: 13    Int: 22    God:
Gold:   97         SH:  0    Dex: 10    Spells: 6/10 levels left

rFire   . . .      SeeInvis .    (no weapon)
rCold   . . .      Faith    .    (no shield)
rNeg    . . .      Spirit   .    (helmet restricted)
rPois   .          Reflect  .    (no amulet)
rElec   .          Harm     .    (no ring)
rCorr   .          Rampage  .    (no ring)
Will    .....                    (no ring)
Stlth   +++.......               (no ring)
HPRegen 0.24/turn                (no ring)
MPRegen 0.11/turn                (no ring)
                                 (no ring)
                                 (no ring)

@: freezing walls
A: almost no armour, amphibious, 8 rings, camouflage 1, gelatinous body 1,
(nimble swimmer 1), tentacles
a: no special abilities


You were on level 2 of the Dungeon.
You visited 1 branch of the dungeon, and saw 2 of its levels.

You collected 97 gold pieces.

Inventory:

Hand Weapons
 g - a +0 sling of flaming
Scrolls
 d - a scroll of identify {unknown}
 e - a scroll of noise {unknown}
 f - a scroll of amnesia {unknown}
 i - a scroll of butterflies {unknown}
 j - a scroll of immolation {unknown}
Potions
 a - a potion of magic
 b - 2 potions of curing {unknown}
 c - a potion of berserk rage {unknown}
 h - a potion of invisibility {unknown}


   Skills:
 - Level 2.0 Dodging
 - Level 2.6 Stealth
 * Level 3.8 Spellcasting
 - Level 4.0 Conjurations
 + Level 0.3 Ice Magic


You had 6 spell levels left.
You knew the following spells:

 Your Spells              Type           Power      Damage    Failure   Level
a - Magic Dart            Conj           84%        1d7       2%          1
b - Frozen Ramparts       Ice            10%        1d2       30%         3

Your spell library contained the following spells:

 Spells                   Type           Power      Damage    Failure   Level
 Searing Ray              Conj           42%        2d6       3%          2
 Freeze                   Ice            20%        1d4       10%         1
 Summon Small Mammal      Summ           16%        N/A       12%         1
 Hailstorm                Conj/Ice       13%        3d5       14%         3
 Dazzling Flash           Conj/Hex       26%        N/A       16%         3
 Call Canine Familiar     Summ           4%         N/A       34%         3
 Ignite Poison            Fire/Tmut/Pois 4%         N/A       34%         3
 Kindle Blastsparks       Fire/Tloc/Air  8%         2d10      34%         3
 Summon Guardian Golem    Hex/Summ       4%         N/A       34%         3
 Fulminant Prism          Conj/Hex       6%         3d6       45%         4
 Iskenderun's Mystic Bla  Conj/Tloc      13%        2d5       45%         4
 Freezing Cloud           Conj/Ice/Air   5%         6-21      87%         5


Dungeon Overview and Level Annotations

Branches:
Dungeon (2/15)

Altars:


Innate Abilities, Weirdness & Mutations

You cannot wear most types of armour.
You are amphibious.
You can wear up to eight rings at the same time.
Your skin changes colour to match your surroundings (Stealth+).
Your rubbery body absorbs attacks. (AC +1, EV +1)
((You are camouflaged when in or above water. (Stealth+)))
You have tentacles for arms and can constrict up to eight enemies at once.


Message History

The wall freezes the gnoll but does no damage. x2
The gnoll hits you with a +0 club.
The wall freezes the gnoll.
Unknown command.
Unknown command.
Casting: Frozen Ramparts (astonishingly dangerous; 34% risk of failure)
Confirm with . or Enter, or press ? or * to list all spells.
Aiming: Magic Dart (safe; 2% risk of failure)
Press: ? - help, Shift-Dir - straight line, f - gnoll
Aim: a gnoll, wielding a +0 whip (lightly wounded, 100% to hit)
The magic dart hits the gnoll.
The gnoll is severely wounded.
The wall freezes the gnoll.
The gnoll barely misses you.
The wall freezes the gnoll.
The gnoll barely misses you.
The wall freezes the gnoll but does no damage.
The gnoll hits you with a +0 club!
* * * LOW HITPOINT WARNING * * *
Unknown command.
Casting: Magic Dart (safe; 2% risk of failure)
Confirm with . or Enter, or press ? or * to list all spells.
Aiming: Magic Dart (safe; 2% risk of failure)
Press: ? - help, Shift-Dir - straight line, f/p - gnoll
Aim: a gnoll, wielding a +0 whip (almost dead, 100% to hit)
The magic dart hits the gnoll.
You kill the gnoll!
The wall freezes the gnoll but does no damage.
The gnoll barely misses you.
The wall freezes the gnoll.
The gnoll completely misses you.
You have reached level 4!
Casting: Magic Dart (safe; 2% risk of failure)
Confirm with . or Enter, or press ? or * to list all spells.
Aiming: Magic Dart (safe; 2% risk of failure)
Press: ? - help, Shift-Dir - straight line, f - gnoll
Aim: a gnoll, wielding a +0 whip (moderately wounded, 100% to hit)
The magic dart hits the gnoll but does no damage.
The gnoll is moderately wounded.
The wall freezes the gnoll but does no damage.
The gnoll misses you.
The wall freezes the gnoll but does no damage.
The gnoll hits you with a +0 club.
You die...

###################
...............)g>#######
######.....###.#@........
..)....g.......##g#######
######.....######.#
#.....# #.# ####### #.#
#.# #.# #.# #.#


You could see 2 gnolls.

Vanquished Creatures
  A gnoll (D:2)
  2 adders (D:2)
  3 ball pythons (D:1)
  5 endoplasms
  A giant cockroach (D:1)
  2 goblins
  3 jackals (D:1)
  2 kobolds (D:1)
  A quokka (D:1)
  6 bats
  2 frilled lizards
  4 rats
32 creatures vanquished.

Notes
Turn   | Place    | Note
-------+----------+-------------------------------------------
     0 | D:1      | raistware the Octopode Conjurer began the quest for the
                  | Orb.
     0 | D:1      | Reached XP level 1. HP: 11/11 MP: 3/3
   166 | D:1      | Reached XP level 2. HP: 17/17 MP: 1/5
  1129 | D:2      | Found a faded altar of an unknown god.
  1219 | D:2      | Reached XP level 3. HP: 21/21 MP: 4/7
  1776 | D:1      | Learned a level 3 spell: Frozen Ramparts
  1782 | D:2      | Reached XP level 4. HP: 5/27 MP: 3/9
  1782 | D:2      | Slain by a gnoll

Illustrated notes

Levels and vault maps discovered:
D:1:      zaba_arrival_water, layout_basic
D:2:      layout_basic, nicolae_ecumenical_oubliette, uniq_sigmund

Skill      XL: |  1  2 |
---------------+-------+-----
Spellcasting   | 3 |  3.8
Dodging        | |  2.0
Stealth        | |  2.6
Conjurations   | |  4.0
Ice Magic      | |  0.3

Action                   |  1- 3 |  4- 6 || total
-------------------------+-------+-------++-------
Melee: Unarmed           |     1 |       ||     1
 Cast: Magic Dart        |    61 |     1 ||    62
       Frozen Ramparts   |     1 |       ||     1
Dodge: Dodged            |    10 |     1 ||    11

Table legend: (Time is in decaauts)
 A = Elapsed time spent in this place.
 B = Non-inter-level travel time spent in this place.
 C = Inter-level travel time spent in this place.
 D = Time resting spent in this place.
 E = Time spent auto-exploring this place.
 F = Levels seen in this place.
 G = Mean time per level.
                   A        B        C        D        E       F      G
               +--------+--------+--------+--------+--------+-----+--------+
         Total |   1782 |   1738 |     44 |      0 |   1542 |   2 |  891.0 |
       Dungeon |   1782 |   1738 |     44 |      0 |   1542 |   2 |  891.0 |
               +--------+--------+--------+--------+--------+-----+--------+

Top non-repeatable levels by time:
     D:1: 1167 daAuts
     D:2: 615 daAuts
